cohdb
Replays
Latest Replays
All Replays
Popular Replays
Top Player Replays
Match Explorer
How It Works
Community
CoH3 Stats
Reddit
Sign in to upload your games and track your stats! →
Sign in with Steam
Match 46131366
Unlisted
Match 46131366
Overview
Messages
Build Orders
End
Construct Barracks
Riflemen Squad
Riflemen Squad
Engineer Squad
M1 Mortar Team
Grenade Package
Infantry Support Center
Construct Medical Station
.30 cal Machine Gun
Construct Tank Depot
M4(105) Sherman Bulldozer
Engineer Squad
Selects Armored Battlegroup
Selects Strength in Steel
Selects Seek and Destroy
M1918 Browning Automatic Rifles
Selects Assault Engineers
Selects UNKNOWN (2160077)
M4A3E8 Sherman Easy Eight
Selects M31 Recovery Vehicle
M4A3E8 Sherman Easy Eight
Seek and Destroy
Construct Weapon Support Center
Forward Retreat Point
Kampfstärke
Rifle
Achilles Gaming @ YouTube
101师--林老虎
bogdan
Scorps
迷龙
cpu-easy
0
0
Comments
sign in to comment!
No comments posted yet!